 Dungeon Crawl Stone Soup version 0.30-a0-782-ge64f9170bb (console) character file.

Game seed: 11398582988301719159

183 utis the Ducker (level 5, -2/33 HPs)
             Began as a Tengu Wanderer on Feb 26, 2023.
             Killed by nerve-wracking pain
             ... invoked by an orc priest
              (9 damage)
             ... on level 3 of the Dungeon.
             The game lasted 00:07:43 (1908 turns).

utis the Ducker (Tengu Wanderer)                    Turns: 1908, Time: 00:07:44

Health: -2/33      AC:  6    Str: 17 (19) XL:     5   Next: 62%
Magic:  9/9        EV: 14    Int: 10 (12) God:
Gold:   49         SH:  0    Dex: 12 (13) Spells: 7/8 levels left

rFire   . . .      SeeInvis +    a - +2 whip (elec)
rCold   . . .      Faith    .    (no shield)
rNeg    . . .      Spirit   .    d - +0 ring mail
rPois   .          Reflect  .    (helmet restricted)
rElec   .          Harm     .    p - +0 cloak
rCorr   .          Rampage  .    (no gloves)
Will    .....                    (boots unavailable)
Stlth   +                        (no amulet)
HPRegen 0.25/turn                S - +6 ring of strength
MPRegen 0.11/turn                (no ring)

@: flying quickly and evasively, hasted, very quick
A: beak, talons 3, nimble flight, see invisible, dopey 1, screaming 1
a: no special abilities


You were on level 3 of the Dungeon.
You visited 1 branch of the dungeon, and saw 3 of its levels.

You collected 49 gold pieces.

Inventory:

Hand Weapons
 a - a +2 whip of electrocution (weapon)
 i - a +3 quarterstaff
 j - a +1 short sword of flaming
 r - a +0 halberd
Missiles
 k - 8 stones (quivered)
Armour
 c - a +0 robe
 d - a +0 ring mail (worn)
 f - a +0 ring mail
 p - a +0 cloak (worn)
Jewellery
 S - a +6 ring of strength (left hand)
Scrolls
 e - 2 scrolls of amnesia {unknown}
 g - a scroll of enchant armour {unknown}
 l - 2 scrolls of identify {unknown}
 m - a scroll of fear {unknown}
 q - a scroll of fog {unknown}
 t - 3 scrolls of teleportation {unknown}
Potions
 o - a potion of brilliance {unknown}
 s - a potion of ambrosia {unknown}


   Skills:
 + Level 3.7 Fighting
 - Level 4.3 Staves
 + Level 5.1 Dodging
 - Level 2.0 Spellcasting
 - Level 1.0 Translocations


You had 7 spell levels left.
You knew the following spells:

 Your Spells              Type           Power      Damage    Failure   Level
a - Apportation           Tloc           6%         N/A       36%         1

Your spell library contained the following spells:

 Spells                   Type           Power      Damage    Failure   Level
 Portal Projectile        Hex/Tloc       4%         N/A       80%         3


Dungeon Overview and Level Annotations

Branches:
Dungeon (3/15)

Altars:
Yredelemnul


Innate Abilities, Weirdness & Mutations

You have a beak for a mouth.
You have claws for feet.
Your magical nature lets you fly swiftly and evasively.
You have supernaturally acute eyesight. (SInv)
You are dopey. (Int -2)
You occasionally shout uncontrollably at your foes.


Message History

An orc priest comes into view. It is wielding a +0 hand axe.
The orc priest shouts!
The orc priest casts a cantrip, but nothing happens.
The orc completely misses you.
You feel less confused. The orc misses you. The dart slug closely misses you.
An orc comes into view. It is wielding a +0 whip.
The orc misses you.
The orc shouts!
You hit the orc priest but do no damage.
You peck the orc priest.
The orc priest is heavily wounded.
The orc priest closely misses you. The orc closely misses you.
You hit the orc priest. You peck the orc priest.
The orc priest is severely wounded.
The orc priest hits you with a +0 hand axe.
* * * LOW HITPOINT WARNING * * *
The orc completely misses you.
You closely miss the orc priest.
The orc priest is severely wounded.
The orc hits you with a +0 whip.
* * * LOW HITPOINT WARNING * * *
The orc priest hits you with a +0 hand axe.
* * * LOW HITPOINT WARNING * * *
The orc closely misses you.
You feel yourself speed up. Something barely misses you.
The orc closely misses you. The orc priest misses you.
The orc barely misses you. The dart slug launches a dart at you.
The slug dart misses you.
It was a potion of degeneration.
There was something very wrong with that liquid.
You feel weakened.
You feel dopey.
You feel clumsy.
It was a potion of mutation.
You feel extremely strange.
You feel the urge to shout.
You feel stupid.
Your vision sharpens.
Reactivating autopickup.
The orc wizard points at you and mumbles some strange words.
You resist with some effort. The orc closely misses you.
The orc priest calls down the wrath of Beogh upon you.
Pain shoots through your body!
You die...

......░░.................░.░░.░
......░..................░..░.░
......░......░░.....░..░░...░.░░
......░...░..░░...░............░░
.....?.....░░....░░..>.....░.....
..........)░░)...░░░...░░...<†.░░
......░░.░░))░░....░.░.░░..░.░.░
....░.░░.░░..░░woo.░.░.░░......░
.....░.........oQ░.░.░.░........
.░.░░.░░.......o░░.░.░.░.......░░
░.. ░.░░░░░░░░ .░.░.░....░░.░ ░..
...░ ...░.....░ ░░░ ...░░ ░░
░░░░░░ ░░░


You could see an orc priest, an orc wizard (invisible), a dart slug and 2 orcs.

Vanquished Creatures
  2 orc wizards (D:3)
  2 adders
  4 gnolls
  4 dart slugs
  3 orcs (D:3)
  5 ball pythons
  4 bats (D:1)
  4 endoplasms
  5 giant cockroaches
  4 goblins
  5 hobgoblins
  4 jackals (D:1)
  5 kobolds
  2 quokkas
  7 frilled lizards
  6 rats
66 creatures vanquished.

Vanquished Creatures (others)
  5 toadstools (D:1)
5 creatures vanquished.

Grand Total: 71 creatures vanquished

Notes
Turn   | Place    | Note
-------+----------+-------------------------------------------
     0 | D:1      | utis the Tengu Wanderer began the quest for the Orb.
     0 | D:1      | utis set off with the following items: a +3 quarterstaff, a
                  | potion of haste {@q3}, a +0 robe; and the following spell
                  | memorised: Apportation; and the following spells available
                  | to memorise: Portal Projectile.
     0 | D:1      | Reached XP level 1. HP: 14/14 MP: 4/4
   293 | D:1      | Reached skill level 1 in Dodging
   325 | D:1      | Reached XP level 2. HP: 19/19 MP: 6/6
   329 | D:1      | Reached skill level 2 in Dodging
   626 | D:1      | Reached XP level 3. HP: 23/23 MP: 7/7
   659 | D:1      | Reached skill level 3 in Dodging
  1297 | D:2      | Reached XP level 4. HP: 16/28 MP: 8/8
  1372 | D:2      | Reached skill level 4 in Dodging
  1745 | D:2      | Found a basalt altar of Yredelemnul.
  1756 | D:2      | Gained mutation: Your magical nature lets you fly swiftly
                  | and evasively. [Tengu growth]
  1756 | D:2      | Reached XP level 5. HP: 32/32 MP: 9/9
  1880 | D:3      | Reached skill level 5 in Dodging
  1908 | D:3      | Gained mutation: You occasionally shout uncontrollably at
                  | your foes. [potion of mutation]
  1908 | D:3      | Gained mutation: You are dopey. (Int -2) [potion of
                  | mutation]
  1908 | D:3      | Gained mutation: You have supernaturally acute eyesight.
                  | (SInv) [potion of mutation]
  1908 | D:3      | Killed from afar by an orc priest

Illustrated notes

Levels and vault maps discovered:
D:1:      ldierk_walled_garden, layout_rooms, minmay_crystal_water
D:2:      layout_rooms, basic_altar
D:3:      layout_basic, hangedman_decor_growths, corexii_hall_statues_t

Skill      XL: |  1  2  3  4  5 |
---------------+----------------+-----
Dodging        | 1 2 3 4 5 |  5.1
Fighting       | |  3.7
Staves         | |  4.3
Spellcasting   | |  2.0
Translocations | |  1.0

Action                     |  1- 3 |  4- 6 || total
---------------------------+-------+-------++-------
  Melee: Quarterstaff      |    29 |       ||    29
         Whip              |    49 |    56 ||   105
         Kick              |    11 |    11 ||    22
         Peck              |     8 |     8 ||    16
         Punch             |       |     1 ||     1
  Throw: Stone             |       |     2 ||     2
   Cast: Apportation       |     4 |       ||     4
    Use: Potion            |       |     3 ||     3
 Armour: Ring mail         |    21 |    15 ||    36
  Dodge: Dodged            |    38 |    52 ||    90

Table legend: (Time is in decaauts)
 A = Elapsed time spent in this place.
 B = Non-inter-level travel time spent in this place.
 C = Inter-level travel time spent in this place.
 D = Time resting spent in this place.
 E = Time spent auto-exploring this place.
 F = Levels seen in this place.
 G = Mean time per level.
                   A        B        C        D        E       F      G
               +--------+--------+--------+--------+--------+-----+--------+
         Total |   1897 |   1872 |     25 |    534 |    810 |   3 |  632.3 |
       Dungeon |   1897 |   1872 |     25 |    534 |    810 |   3 |  632.3 |
               +--------+--------+--------+--------+--------+-----+--------+

Top non-repeatable levels by time:
     D:1: 1060 daAuts
     D:2: 739 daAuts
     D:3: 97 daAuts
